cohdb
Replays
Latest Replays
All Replays
Popular Replays
Top Player Replays
Match Explorer
How It Works
Community
CoH3 Stats
Reddit
Sign in to upload your games and track your stats! →
Sign in with Steam
Match 41543678
Unlisted
Match 41543678
Overview
Messages
Build Orders
End
Kradschützen Motorcycle Team
Panzerpioneer Squad
Selects Armored Support Battlegroup
Panzergrenadier Squad
250 Light Carrier
Panzergrenadier Squad
Construct Light Support Kompanie
Selects Veteran Gunners
Fire Support Elements
Selects Salvage Kits
Panzerjäger Mechanized Group
Flakvierling Half-track
2.5-tonne Medical Truck
Selects Flammpanzer III Medium Tank
Flammpanzer III Medium Tank
Veteran Squad Leaders
2.5-tonne Medical Truck
le.IG 18 Mechanized Group
Vehicle Survival Package
Advanced Field Repairs
Construct Panzerarmee Kommand
Walking Stuka Rocket Launcher
Walking Stuka Rocket Launcher
Flammpanzer III Medium Tank
Selects Panzer Storm
Panzerpioneer Squad
Selects Stuka Anti-tank Loiter
Stuka Anti-tank Loiter
Flak 36 Anti-tank Gun Team
Panzerpioneer Squad
Trion
dBoome
dan legend
Niker1
0
0
Comments
sign in to comment!
No comments posted yet!